 Dungeon Sprint DCSS version 0.30.1-11-g7821555f0a (webtiles) character file.

Game seed: 7449319024438167391

157 DiggyJ the Destroyer (level 5, 0/40 HPs)
             Began as a Draconian Conjurer on Jan 8, 2024.
             Was an Initiate of Gozag.
             Succumbed to a hornet's poison
             ... in the Dungeon (Sprint IX: "|||||||||||||||||||||||||||||").
             The game lasted 00:04:19 (214 turns).

DiggyJ the Destroyer (Draconian Conjurer)            Turns: 214, Time: 00:04:20

Health: 0/40       AC:  9    Str:  9    XL:     5   Next: 15%
Magic:  7/10       EV: 13    Int: 20    God:    Gozag
Gold:   0          SH:  0    Dex: 13    Spells: 10/11 levels left

rFire   . . .        j - +16 consecrated labrys {holy, Valiant Fragile Fly SInv}
rCold   . . .        (no shield)
rNeg    . . .        (body armour unavailable)
rPois   .            (helmet restricted)
rElec   .            (no cloak)
rCorr   .            k - +0 pair of gloves
SInv    +            l - +0 pair of boots
Will    .....        (no amulet)
Stlth   ++           m - +3 ring of dexterity
HPRegen 0.26/turn    n - +2 ring of protection
MPRegen 0.12/turn

%: no teleportation
@: lethally poisoned (0 -> -3), flying
A: AC +5, unfitting armour, cold-blooded
a: Renounce Religion, Potion Petition, Call Merchant, Bribe Branch


You were in the Dungeon.
You worshipped Gozag.
Gozag was noncommittal.
You visited 1 branch

Inventory:

Hand Weapons
 g - a +4 dagger
 j - the +16 consecrated labrys (weapon) {holy, Valiant Fragile Fly SInv}
   (You found it in the Dungeon)

   Valiant:   It becomes more powerful as more dangerous foes come into view.
   SInv:      It lets you see invisible.
   Fly:       It grants you flight.
   Fragile:   It will be destroyed if unequipped.
Armour
 k - a +0 pair of gloves (worn)
 l - a +0 pair of boots (worn)
Jewellery
 m - a +3 ring of dexterity (left hand)
 n - a +2 ring of protection (right hand)
Wands
 i - a wand of acid (10)
Scrolls
 f - 2 scrolls of blinking
 h - 2 scrolls of amnesia
Potions
 a - 5 potions of magic
 b - 5 potions of curing
 c - a potion of invisibility
 d - a potion of haste
 e - 2 potions of heal wounds


   Skills:
 + Level 1.5 Fighting
 + Level 4.1 Dodging
 + Level 2.8 Stealth
 + Level 2.6 Unarmed Combat
 + Level 3.7 Spellcasting
 + Level 8.8 Conjurations


You had 10 spell levels left.
You knew the following spells:

 Your Spells              Type           Power      Damage    Failure   Level
a - Magic Dart            Conj           100%       1d8       1%          1

Your spell library contained the following spells:

 Spells                   Type           Power      Damage    Failure   Level
 Searing Ray              Conj           78%        2d7       1%          2
 Dazzling Flash           Conj/Hex       42%        N/A       6%          3
 Fulminant Prism          Conj/Hex       10%        3d9       22%         4
 Iskenderun's Mystic Bla  Conj/Tloc      21%        2d6       22%         4


Dungeon Overview and Level Annotations

Branches:
Dungeon (1/1)

Altars:
Cheibriados
Dithmenos
Elyvilon
Fedhas
Gozag
Hepliaklqana
Kikubaaqudgha
Makhleb
Nemelex Xobeh
Okawaru
Qazlal
Ru
Sif Muna
Trog
Uskayaw
Vehumet
Wu Jian
Xom
Yredelemnul
Zin
The Shining One
Jiyva
Lugonu


Innate Abilities, Weirdness & Mutations

Your plain brown scales are hard. (AC +5)
You cannot fit into any form of body armour.
You are cold-blooded and may be slowed by cold attacks.


Message History

The magic dart hits the hornet.
The hornet is lightly wounded.
You feel yourself speed up. The hornet barely misses you.
The hornet misses you.
The hornet stings you but does no damage.
Casting: Magic Dart (safe; 1% risk of failure)
Confirm with . or Enter, or press ? or * to list all spells.
Aiming: Magic Dart (safe; 1% risk of failure)
Press: ? - help, Shift-Dir - straight line, f/p - hornet
Aim: a hornet (lightly wounded, 100% to hit)
The magic dart hits the hornet.
The hornet is moderately wounded.
The hornet barely misses you.
There are monsters nearby!
This spell is dangerous to cast!
Memorise Dazzling Flash, consuming 3 spell levels and leaving 7?
Okay, then.
Memorise Searing Ray, consuming 2 spell levels and leaving 8?
The hornet stings you.
Your memorisation is interrupted.
You are poisoned.
You feel yourself slow down. The hornet stings you.
You feel as though you will be slow longer.
You hit the hornet.
The hornet is moderately wounded.
You feel yourself speed up.
* * * LOW HITPOINT WARNING * * *
You feel very sick. The hornet barely misses you. The hornet misses you.
The howler monkey hoots and howls with incredible vigour!
The hornet stings you but does no damage.
You slash the hornet!
The hornet is almost dead.
You feel sick. The hornet closely misses you. The hornet stings you.
* * * LOW HITPOINT WARNING * * *
You feel yourself slow down. The hornet barely misses you.
You closely miss the hornet. Your punch misses the hornet.
The hornet is almost dead.
You feel yourself speed up.
You die...
Your body crumbles into a pile of gold.

▓.▓
$
▓Y▓
$
▓y▓
$ $
▓l▓
$
▓h▓
$
▓O▓
$
▓y▓
$
▓@▓
▓.▓
$
▓[▓
▓.▓
$
▓.▓
▓.▓
$
▓)▓
$
▓.▓
$
▓.▓
$


You could see a two-headed ogre, a yak, 2 hornets, a wyvern and a howler monkey.

Vanquished Creatures
  A water moccasin (D)
  A hound (D)
  An adder (D)
  A dart slug (D)
  2 orcs (D)
  A bat (D)
  A goblin (D)
  A kobold (D)
  A rat (D)
10 creatures vanquished.

Notes
Turn   | Place    | Note
-------+----------+-------------------------------------------
     0 | D        | DiggyJ the Draconian Conjurer began the quest for the Orb.
     0 | D        | Reached XP level 1. HP: 14/14 MP: 3/3
    23 | D        | Reached skill level 5 in Conjurations
    86 | D        | Noticed a water moccasin
    86 | D        | Noticed a hound
    93 | D        | Killed a hound
    94 | D        | Reached skill level 1 in Unarmed Combat
    94 | D        | Reached skill level 6 in Conjurations
    94 | D        | Reached XP level 2. HP: 6/20 MP: 0/5
    94 | D        | Reached XP level 3. HP: 8/26 MP: 0/7
   105 | D        | Killed a water moccasin
   106 | D        | Reached skill level 1 in Fighting
   106 | D        | Reached skill level 8 in Conjurations
   106 | D        | Reached XP level 4. HP: 35/35 MP: 1/9
   106 | D        | Reached XP level 5. HP: 40/40 MP: 1/10
   119 | D        | Found a snail-covered altar of Cheibriados.
   119 | D        | Found a shadowy altar of Dithmenos.
   119 | D        | Found a white marble altar of Elyvilon.
   119 | D        | Found a blossoming altar of Fedhas.
   119 | D        | Found an opulent altar of Gozag.
   120 | D        | Found a hazy altar of Hepliaklqana.
   121 | D        | Found a viscous altar of Jiyva.
   122 | D        | Found an ancient bone altar of Kikubaaqudgha.
   123 | D        | Found a corrupted altar of Lugonu.
   124 | D        | Found a burning altar of Makhleb.
   125 | D        | Found a sparkling altar of Nemelex Xobeh.
   126 | D        | Found an iron altar of Okawaru.
   129 | D        | Found a stormy altar of Qazlal.
   130 | D        | Found a sacrificial altar of Ru.
   131 | D        | Found a shimmering blue altar of Sif Muna.
   132 | D        | Found a bloodstained altar of Trog.
   133 | D        | Found a hide-covered altar of Uskayaw.
   134 | D        | Found a radiant altar of Vehumet.
   135 | D        | Found an ornate altar of the Wu Jian Council.
   136 | D        | Found a shimmering altar of Xom.
   137 | D        | Found a basalt altar of Yredelemnul.
   138 | D        | Found a glowing silver altar of Zin.
   139 | D        | Found a glowing golden altar of the Shining One.
   153 | D        | Became a worshipper of Gozag Ym Sagoz the Greedy
   172 | D        | Found the +4 consecrated labrys {holy, Valiant Fragile Fly
                  | SInv}
   206 | D        | Noticed a yak
   206 | D        | Noticed a hornet
   206 | D        | Noticed a wyvern
   206 | D        | Noticed a two-headed ogre
   206 | D        | Noticed a hornet
   206 | D        | Paralysed by a hornet for 1 turns
   213 | D        | HP: 2/40 [hornet (6)]
   214 | D        | Succumbed to a hornet's poison

Illustrated notes

Levels and vault maps discovered:
D:        linesprint [early_d, line_temple, items_1, d_10, items_2, lair_1,
          lair_end, items_3, orc_1, orc_end, items_4, d_15, swamp_1, shoals_1,
          snake_1, spider_1, d_20, vaults_1, items_5, swamp_end, shoals_end,
          snake_end, spider_end, vaults_end, d_27, items_6, zot_1, zot_end,
          crypt_end, forest_end, elf_end, slime_end, tomb_end, abyss_end,
          pan_hell_end]

Skill      XL: |  1  2  3 |
---------------+----------+-----
Dodging        | 2 4 |  4.1
Conjurations   | 6 8 |  8.8
Stealth        | 2 |  2.8
Unarmed Combat | 1 2 |  2.6
Fighting       | 1 |  1.5
Spellcasting   | 3 |  3.7

Action                     |  1- 3 |  4- 6 || total
---------------------------+-------+-------++-------
  Melee: Unarmed           |    29 |       ||    29
         Dagger            |    14 |     7 ||    21
         Tailslap          |     3 |       ||     3
         Labrys            |       |     3 ||     3
   Cast: Magic Dart        |     8 |     4 ||    12
    Use: Potion            |     2 |       ||     2
 Armour: Skin              |    10 |     2 ||    12
  Dodge: Dodged            |    30 |    12 ||    42
